 Dungeon Crawl Stone Soup version 0.30-a0-389-g8d7d949f56 (webtiles) character file.

Game seed: 9097392493655858559

2 PyroL the Grave Robber (level 1, 13/13 HPs)
             Began as a Demonspawn Necromancer on Dec 3, 2022.
             Quit the game on level 1 of the Dungeon.
             The game lasted 00:00:29 (332 turns).

PyroL the Grave Robber (Demonspawn Necromancer)      Turns: 332, Time: 00:00:30

Health: 13/13      AC:  2    Str:  8    XL:     1   Next: 33%
Magic:  3/3        EV: 12    Int: 16    God:
Gold:   31         SH:  0    Dex: 13    Spells: 3/4 levels left

rFire   . . .      SeeInvis .    (no weapon)
rCold   . . .      Faith    .    (no shield)
rNeg    . . .      Spirit   .    a - +0 robe
rPois   .          Reflect  .    (no helmet)
rElec   .          Harm     .    (no cloak)
rCorr   .          Rampage  .    (no gloves)
Will    .....                    (no boots)
Stlth   ++........               (no amulet)
HPRegen 0.22/turn                (no ring)
MPRegen 0.08/turn                (no ring)

@: no status effects
A: no striking features
a: no special abilities


You were on level 1 of the Dungeon.
You visited 1 branch of the dungeon, and saw 1 of its levels.

You collected 31 gold pieces.

Inventory:

Armour
 a - a +0 robe (worn)
Scrolls
 e - a scroll of fear {unknown}
Potions
 b - a potion of magic
 c - 2 potions of berserk rage {unknown}
 d - 2 potions of curing {unknown}
 f - a potion of degeneration {unknown}


   Skills:
 - Level 1.7 Dodging
 - Level 1.7 Stealth
 + Level 2.1 Spellcasting
 + Level 4.4 Necromancy


You had 3 spell levels left.
You knew the following spells:

 Your Spells              Type           Power      Damage    Failure   Level
a - Necrotise             Necr           64%        1d7       3%          1

Your spell library contained the following spells:

 Spells                   Type           Power      Damage    Failure   Level
 Vampiric Draining        Necr           16%        2d7       10%         3
 Cigotuvi's Dreadful Rot  Necr/Pois/Air  12%        N/A       17%         2
 Magic Dart               Conj           4%         1d3       21%         1
 Poisonous Vapours        Pois/Air       2%         N/A       30%         2
 Searing Ray              Conj           2%         2d4       30%         2
 Mephitic Cloud           Conj/Pois/Air  1%         N/A       52%         3
 Animate Dead             Necr           16%        N/A       32%         4
 Agony                    Necr           16%        N/A       65%         5
 Fulminant Prism          Conj/Hex       0%         3d5       90%         4


Dungeon Overview and Level Annotations

Branches:
Dungeon (1/15)

Altars:


Message History

You kill the endoplasm!
Magic restored.
c - a metallic clear potion
There is an empty arch of ancient stone here.
d - a viscous white potion
Found a faded altar of an unknown god.
You now have 5 gold pieces.
You see here a +0 leather armour.
A kobold comes into view. It is wielding a +0 dagger.
A kobold is nearby!
Found 9 gold pieces.
The kobold shouts!
Found a book of Vapours.
The kobold writhes in agony.
You kill the kobold!
The dead are walking!
You can't see any susceptible monsters within range! (Use Z to cast anyway.)
You can't see any susceptible monsters within range! (Use Z to cast anyway.) Sorry, you're not good enough to have a special ability.
Found a stone staircase leading down.
Found a scroll labelled NOINIA BISM.
You now have 14 gold pieces (gained 9).
You pick up a book of Vapours and begin reading...
You add the spells Poisonous Vapours, Cigotuvi's Dreadful Rot and Mephitic Cloud to your library.
There is an empty arch of ancient stone here.
e - a scroll labelled NOINIA BISM You swap places.
Your kobold skeleton crumbles into dust!
Found a buckler.
You now have 20 gold pieces (gained 6).
c - 2 metallic clear potions (gained 1)
Found a stone staircase leading down.
Found a stone staircase leading down.
There is a stone staircase leading down here.
You now have 31 gold pieces (gained 11).
f - a black potion
d - 2 viscous white potions (gained 1)
You pick up a book of Conjurations and begin reading...
You add the spells Magic Dart, Searing Ray and Fulminant Prism to your library.
Are you sure you want to abandon this character and quit the game? (Confirm with "yes".)

########........# #......
#...........##..# #.#..#.
#.######....##..###.....#
#.#...#####.##...##......
#.#.#.# #.###..##...#.. #.....#
#.......#....##
.......##.#############.#......
...###.##.#.........# #........
#.#......@####.# ###..####
#.####.#.## #...... #. ...#.#
#...... ## ##..#.. #>...##
#..#... #...#.. #.......
#...... #.##.#.## #.....# ..
..#..#.


There were no monsters in sight!

Vanquished Creatures
  An endoplasm (D:1)
  A kobold (D:1)
2 creatures vanquished.

Notes
Turn   | Place    | Note
-------+----------+-------------------------------------------
     0 | D:1      | PyroL the Demonspawn Necromancer began the quest for the
                  | Orb.
     0 | D:1      | Reached XP level 1. HP: 13/13 MP: 3/3
   101 | D:1      | Found a faded altar of an unknown god.
   332 | D:1      | Quit the game

Illustrated notes

Levels and vault maps discovered:
D:1:      minmay_arrival_radiant_lines, layout_basic,
          hellmonk_ecumenical_altar_arch_garden

Action                   || total
-------------------------++-------
 Cast: Necrotise         ||     6
Dodge: Dodged            ||     1

Table legend: (Time is in decaauts)
 A = Elapsed time spent in this place.
 B = Non-inter-level travel time spent in this place.
 C = Inter-level travel time spent in this place.
 D = Time resting spent in this place.
 E = Time spent auto-exploring this place.
 F = Levels seen in this place.
 G = Mean time per level.
                   A        B        C        D        E       F      G
               +--------+--------+--------+--------+--------+-----+--------+
         Total |    332 |    332 |      0 |     15 |    281 |   1 |  332.0 |
       Dungeon |    332 |    332 |      0 |     15 |    281 |   1 |  332.0 |
               +--------+--------+--------+--------+--------+-----+--------+

Top non-repeatable levels by time:
     D:1: 332 daAuts
